 Dungeon Crawl Stone Soup version 0.29-a0-319-gad05b8d819 (webtiles) character file.

Game seed: 4908994244272764033

87 flyleaff the Skirmisher (level 4, -3/44 (45) HPs)
             Began as a Mayflytaur Wanderer on Apr 2, 2022.
             Was a Believer of Lugonu.
             Slain by an iguana (9 damage)
             ... on level 4 of the Dungeon.
             The game lasted 00:03:31 (1368 turns).

flyleaff the Skirmisher (Mayflytaur Wanderer)       Turns: 1368, Time: 00:03:32

HP:   -3/44 (45)    AC:  9    Str: 17    XL:     4   Next: 51%
MP:   5/5           EV:  6    Int: 10    God:    Lugonu [**....]
Gold: 129           SH:  0    Dex: 15    Spells: 3/3 levels left

rFire   . . .      SeeInvis .   a - +1 mace
rCold   . . .      Faith    .   (no shield)
rNeg    . . .      Spirit   .   i - +0 chain mail
rPois   .          Reflect  .   h - +0 helmet
rElec   .          Harm     .   (no cloak)
rCorr   .          Rampage  .   (no gloves)
Will    .....                   (no boots)
Stlth   ..........              (no amulet)
HPRegen 0.14/turn               (no ring)
MPRegen 0.09/turn               (no ring)

@: flying, lightly drained
A: damage resistance, big wings, sense surroundings 1, short lifespan
a: Renounce Religion, Depart the Abyss, Bend Space


You were on level 4 of the Dungeon.
You worshipped Lugonu.
Lugonu was pleased with you.
You visited 1 branch of the dungeon, and saw 4 of its levels.

You collected 129 gold pieces.

Inventory:

Hand Weapons
 a - a +1 mace (weapon)
Armour
 e - a +0 leather armour
 h - a +0 helmet (worn)
 i - a +0 chain mail (worn)
Jewellery
 o - an amulet of guardian spirit
Scrolls
 b - a scroll of torment {unknown}
 g - a scroll of identify {unknown}
 k - a scroll of fear {unknown}
 l - a scroll of holy word {unknown}
 m - a scroll of enchant weapon {unknown}
 n - a scroll of magic mapping {unknown}
Potions
 c - a potion of attraction
 d - a potion of lignification
 f - a potion of cancellation


   Skills:
 + Level 4.9 Fighting
 * Level 4.0 Maces & Flails
 + Level 2.3 Armour
 - Level 1.2 Stealth
 - Level 4.0 Unarmed Combat


You had 3 spell levels left.
You didn't know any spells.
Your spell library was empty.

Dungeon Overview and Level Annotations

Branches:
Dungeon (4/15)
 Temple: D:4-7

Altars:
Gozag
Sif Muna
Lugonu


Innate Abilities, Weirdness & Mutations

You are resistant to damage.
Your large and strong wings let you fly.
You passively map a small area around you.
You are easily found by Zot.


Message History

The iguana is severely wounded.
The necrophage hits you but does no damage.
The iguana bites you but does no damage.
You hit the iguana but do no damage.
The iguana is severely wounded.
The iguana bites you!
* * * LOW HITPOINT WARNING * * *
The necrophage hits you but does no damage.
Really quaff the potion of lignification?
You turn into a tree.
Your +0 helmet melds into your body.
Your +0 chain mail melds into your body.
Your roots penetrate the ground.
The necrophage hits you but does no damage.
The iguana bites you.
* * * LOW HITPOINT WARNING * * *
You hit the iguana but do no damage.
The iguana is severely wounded.
The necrophage hits you.
* * * LOW HITPOINT WARNING * * *
The iguana bites you.
* * * LOW HITPOINT WARNING * * *
The iguana bites you.
* * * LOW HITPOINT WARNING * * *
The necrophage hits you but does no damage.
It was a potion of attraction.
You feel attractive to monsters.
The iguana bites you but does no damage.
The necrophage hits you but does no damage.
It was a potion of cancellation.
Your magical effects are unravelling.
You feel magically purged.
You feel less wooden.
Your +0 helmet unmelds from your body.
Your +0 chain mail unmelds from your body.
The necrophage hits you but does no damage.
The iguana barely misses you.
You feel less attractive to monsters.
It was a potion of flight.
You feel more buoyant. The iguana bites you!
You die...

#.......... *
#######l........#
*
.........<......#
**
#..^......$...##
..####.........#
, ,*#..........(#
< *, ,
###.#..........,
#.lw#.....##.##
#@#####........ ,
#.n.# ..####.##
**###.#, .# , ...
.. , , * * ..# ,,
,, .... , , ..##
, * * #.# ,,


You could see a necrophage, an iguana and a dart slug.

Vanquished Creatures
  4 gnolls (D:3)
  A shadow imp (D:3)
  An ufetubus (D:2)
  A worm (D:3)
  A dart slug (D:1)
  2 bats (D:3)
  3 endoplasms
  3 giant cockroaches
  5 goblins
  A hobgoblin (D:1)
  A quokka (D:1)
  3 ball pythons (D:1)
  2 frilled lizards
  3 kobolds (D:3)
  A rat (D:1)
32 creatures vanquished.

Notes
Turn   | Place    | Note
-------+----------+-------------------------------------------
     0 | D:1      | flyleaff the Mayflytaur Wanderer began the quest for the
                  | Orb.
     0 | D:1      | flyleaff set off with the following items: a +1 mace, a
                  | potion of invisibility, a potion of heal wounds, a potion
                  | of lignification, a +0 leather armour
     0 | D:1      | Reached XP level 1. HP: 24/24 MP: 2/2
    96 | D:1      | Glimpsed the power of Zot.
   126 | D:1      | Reached XP level 2. HP: 30/31 MP: 3/3
   421 | D:2      | Reached XP level 3. HP: 37/37 MP: 4/4
   522 | D:3      | Found a shimmering blue altar of Sif Muna.
   548 | D:3      | Found a faded altar of an unknown god.
   554 | D:3      | Prayed at the altar of an unknown god.
   554 | D:3      | Became a worshipper of Lugonu the Unformed
   554 | D:3      | Reached * piety under Lugonu
   554 | D:3      | Reached ** piety under Lugonu
   586 | D:3      | Reached XP level 4. HP: 34/45 MP: 5/5
   778 | D:3      | Glimpsed the power of Zot.
  1275 | D:3      | Glimpsed the power of Zot.
  1285 | D:3      | Found an opulent altar of Gozag.
  1353 | D:4      | Noticed a necrophage
  1368 | D:4      | Slain by an iguana

Illustrated notes

Levels and vault maps discovered:
D:1:      dpeg_arrival_orchard, layout_basic, minmay_small_reverse_x
D:2:      layout_loops_ring
D:3:      layout_basic, marbit_many_paths, nicolae_sif_muna_condensation,
          hellmonk_ecumenical_altar_run_dry
D:4:      layout_loops_ring

Skill      XL: |  1  2  3  4 |
---------------+-------------+-----
Maces & Flails | 2 3 4 |  4.0
Armour         | 2 |  2.3
Fighting       | |  4.9
Stealth        | |  1.2
Unarmed Combat | |  4.0

Action                   |  1- 3 |  4- 6 || total
-------------------------+-------+-------++-------
Melee: Mace              |    69 |    41 ||   110
       Punch             |     2 |       ||     2
  Use: Potion            |     2 |     4 ||     6
 Stab: Sleeping          |     3 |       ||     3
       Invisible         |     4 |       ||     4
Armor: Leather armour    |    10 |       ||    10
       Chain mail        |    26 |    36 ||    62
       Skin              |       |     4 ||     4
Dodge: Dodged            |    48 |    14 ||    62

Table legend: (Time is in decaauts)
 A = Elapsed time spent in this place.
 B = Non-inter-level travel time spent in this place.
 C = Inter-level travel time spent in this place.
 D = Time resting spent in this place.
 E = Time spent auto-exploring this place.
 F = Levels seen in this place.
 G = Mean time per level.
                   A        B        C        D        E       F      G
               +--------+--------+--------+--------+--------+-----+--------+
         Total |   1394 |   1343 |     51 |      0 |   1057 |   4 |  348.5 |
       Dungeon |   1394 |   1343 |     51 |      0 |   1057 |   4 |  348.5 |
               +--------+--------+--------+--------+--------+-----+--------+

Top non-repeatable levels by time:
     D:3: 933 daAuts
     D:2: 219 daAuts
     D:1: 218 daAuts
     D:4: 24 daAuts
